 Dungeon Crawl Stone Soup version 0.18.1-6-gd335043 (webtiles) character file.

104 epen the Distorting Demonspawn (level 4, -2/35 HPs)
             Began as a Demonspawn Abyssal Knight on May 20, 2016.
             Was a Believer of Lugonu.
             Slain by an orc wizard
             ... wielding a +0 dagger
              (4 damage)
             ... on level 3 of the Dungeon.
             The game lasted 00:03:03 (2368 turns).

epen the Distorting Demonspawn (DsAK)               Turns: 2368, Time: 00:03:04

Health: -2/35      AC:  7    Str: 18    XL:     4   Next: 52%
Magic:  7/7        EV: 17    Int: 13    God:    Lugonu [**....]
Gold:   112        SH:  0    Dex: 18    Spells: 0 memorised, 3 levels left

rFire  . . .     SeeInvis .     a - +1 falchion
rCold  . . .     Gourm    .     b - +0 leather armour
rNeg   . . .     Faith    .     (no shield)
rPois  .         Spirit   .     (no helmet)
rElec  .         Dismiss  .     i - +0 cloak
rCorr  .         Reflect  .     (no gloves)
SustAt .         Harm     .     (no boots)
MR     .....                    (no amulet)
Stlth  ++........               (no ring)
                                (no ring)

@: confused, mighty, agile, not resistant to hostile enchantments, unstealthy
A: slimy green scales 2
a: Depart the Abyss, Bend Space, Renounce Religion


You were on level 3 of the Dungeon.
You worshipped Lugonu.
Lugonu was pleased with you.
You were hungry.

You visited 1 branch of the dungeon, and saw 3 of its levels.
You visited the Abyss 1 time.

You collected 112 gold pieces.

Inventory:

Hand Weapons
 a - a +1 falchion (weapon)
Armour
 b - a +0 leather armour (worn)
 i - a +0 cloak (worn)
 q - a +0 scale mail
Jewellery
 f - an uncursed ring of ice {unknown}
 m - a cursed ring of loudness {unknown}
Scrolls
 e - 2 scrolls of fear {unknown}
 g - a scroll of remove curse {unknown}
 h - 3 scrolls of identify {unknown}
 j - a scroll of magic mapping {unknown}
 n - 2 scrolls of noise {unknown}
Potions
 d - a potion of heal wounds {unknown}
Comestibles
 c - 2 bread rations
 k - a royal jelly
 o - a slice of pizza
 r - a beef jerky
 s - a meat ration


   Skills:
 + Level 3.4 Fighting
 * Level 2.5 Long Blades
 + Level 2.2 Armour
 + Level 1.6 Dodging
 * Level 4.0 Invocations


You had 3 spell levels left.
You didn't know any spells.

Dungeon Overview and Level Annotations

Branches:
Dungeon (3/15)

Altars:
Qazlal


Innate Abilities, Weirdness & Mutations

You are mostly covered in slimy green scales (AC +3).


Message History

Something hits you but does no damage.
Things that are here:
a flail of protection; an orc corpse You bump into the rock wall.
You hear some strange, mumbled words.
You are more confused.
The orc hits you but does no damage.
You bump into the rock wall.
Something hits you but does no damage. The orc hits you with a dagger.
* * * LOW HITPOINT WARNING * * *
Unknown command.
Drink which item? (? for menu, Esc to quit)
It was a potion of agility.
You feel agile all of a sudden. Something hits you but does no damage.
The orc barely misses you.
Drink which item? (? for menu, Esc to quit)
It was a potion of might.
You feel very mighty all of a sudden. Something hits you.
You die...

## ####.#########....
...........oo....#
#...o.....#.#
#.#########.# #...{@#
#.# # #..##o# #.###.#
#..##.#####..##.######
#...#.................
#.#.########.####.####
#...# ##..........
##.########........###
#............)....###
#.########...##......


You could see an orc.

Vanquished Creatures
  3 adders (D:2)
  An ooze (D:3)
  A dart slug (D:1)
  5 giant geckos
  6 orcs (D:3)
  4 bats
  3 giant cockroaches (D:1)
  8 goblins
  3 hobgoblins
  2 jackals (D:1)
  7 kobolds
  A quokka (D:2)
  4 giant newts
  9 rats
57 creatures vanquished.

Notes
Turn   | Place    | Note
--------------------------------------------------------------
     0 | Abyss:1  | epen the Demonspawn Abyssal Knight began the quest for the Orb.
     0 | Abyss:1  | Reached XP level 1. HP: 18/18 MP: 2/2
    35 | D:1      | Escaped the Abyss
   108 | D:1      | Reached skill level 1 in Dodging
   203 | D:1      | Gained mutation: You are partially covered in slimy green scales (AC +2). [demonic ancestry]
   203 | D:1      | Reached XP level 2. HP: 20/24 MP: 4/4
   371 | D:1      | Reached skill level 3 in Invocations
   379 | D:1      | Reached ** piety under Lugonu
   777 | D:2      | Gained mutation: You are mostly covered in slimy green scales (AC +3). [demonic ancestry]
   777 | D:2      | Reached XP level 3. HP: 23/29 MP: 5/5
  1113 | D:2      | Found a stormy altar of Qazlal.
  1331 | D:2      | Reached XP level 4. HP: 25/35 MP: 6/6
  1940 | D:3      | Reached skill level 4 in Invocations
  2368 | D:3      | Slain by an orc wizard

Skill      XL: |  1  2  3  4 |
---------------+-------------+-----
Dodging        | 1 |  1.6
Long Blades    | 2 |  2.5
Invocations    | 3 4 |  4.0
Armour         | 2 |  2.2
Fighting       | |  3.4

Action                   |  1- 3 |  4- 6 || total
-------------------------+-------+-------++-------
Melee: Falchion          |   113 |   110 ||   223
  Use: Potion            |       |     2 ||     2
 Stab: Sleeping          |     1 |       ||     1
  Eat: Chunk             |     1 |     3 ||     4
Armor: Leather armour    |    62 |    41 ||   103
Dodge: Dodged            |    83 |    66 ||   149
